Unix NetHack Version 5.0.0-0 post-release - last build May 23 2026 06:08:33 (1c0ff79ee797540d5714e4e18072db0edd9e58ae,branch:main).

Game began 2026-05-09 13:58:11, ended 2026-05-25 05:36:35.

GranKiwi, lawful female dwarven Valkyrie

     ------
     |....|                 -------
     |....|        -----####-.....|
     |....|     ###....-####|.....|
     |...`|     #  |...|#  #|.....|
     --.---     #  |...|#  #-.....-###
       #        #  |....#   |.....|  #######
       #       ##  -----####.>....-###########  ######
       #       #    #####   -------        # #####---.----------
       #      #######                      ####  #-......%.....|
      ###    ## #                             ####|...(.........##r
     -.--- ###  #                                #|............|  #%
     |...|##                                     #|............|   r
     |....#                                      #|............|   @  -----
     |...|                                       #--------------   r  |...|
     |...|                                       `#########        ###-...|
     |...|                                                            |.<.|
     -----                                                            -----

GranKiwi the Fighter        St:15 Dx:16 Co:19 In:11 Wi:9 Ch:8  Lawful
Dlvl:6  $:499 HP:0(66) Pw:11(11) AC:3  Xp:6 T:5370 

Latest messages:
 In what direction? 8
 The rabid rat misses!
 The wererat changes into a human.
 The wererat misses!
 You miss the wererat.
 The rabid rat bites!
 The wererat changes into a rat.
 The wererat bites!
 What do you want to drink? [FNS or ?*] F
 You feel better.
 The rabid rat bites!
 The wererat misses!
 What do you want to throw? [$bvR or ?*] b
 In what direction? 8
 The dagger hits the wererat.
 The rabid rat bites!
 The wererat misses!
 You miss the wererat.
 The rabid rat bites!
 The wererat bites!
 What do you want to throw? [$vR or ?*] R
 In what direction? 8
 The scimitar misses the wererat.
 The rabid rat bites!
 The wererat bites!
 What do you want to drink? [FNS or ?*] A
 You don't have that object.
 What do you want to drink? [FNS or ?*] F
 You feel better.
 The rabid rat bites!
 The rabid rat's bite was poisoned!
 The wererat bites!
 What do you want to zap? [EJ or ?*] J
 In what direction? .
 The rabid rat misses!
 The wererat bites!
 There appears to be no shopkeeper here to receive your payment.
 What do you want to drink? [NS or ?*] <esc>
 Never mind.
 What do you want to drink? [NS or ?*] S
 This burns like acid!
 Valkyrie, your life force is running out.
 Call a ruby potion: acid apunto de morir por ratas
 The rabid rat bites!
 You die...
 Do you want your possessions identified? [ynq] (y) y
 Do you want to see your attributes? [ynq] (y) y
 Do you want an account of creatures vanquished? [ynaq] (y) y
 Do you want to see your conduct and achievements? [ynq] (y) y
 Do you want to see the dungeon overview? [ynq] (y) y

Inventory:
 Coins    ('$')
  $ - 499 gold pieces
 Weapons  (')')
  v - a +0 sling
  z - a +0 scimitar (weapon in right hand)
 Armor    ('[')
  P - an uncursed +0 orcish helm
  Q - a cursed -1 orcish helm
  c - an uncursed +3 small shield (being worn)
  K - an uncursed +0 mummy wrapping
  L - an uncursed +0 mummy wrapping
  f - an uncursed -2 elven mithril-coat (being worn)
 Comestibles  ('%')
  i - an uncursed tripe ration
 Scrolls  ('?')
  I - an uncursed scroll of teleportation
 Potions  ('!')
  N - an uncursed potion of speed
 Wands    ('/')
  J - a wand of digging (0:1)
  E - a wand of make invisible (0:4)
 Tools    ('(')
  O - an uncursed blindfold
  D - an uncursed lock pick
  H - an uncursed lock pick
  e - an uncursed oil lamp
  G - an uncursed oil lamp
 Gems/Stones  ('*')
  k - an uncursed rock

GranKiwi the Valkyrie's attributes:

Background:
 You were a Fighter, a level 6 dwarven Valkyrie.
 You were lawful, on a mission for Tyr
 who was opposed by Odin (neutral) and Loki (chaotic).
 You were right-handed.
 You were in the Dungeons of Doom, on level 6.
 You entered the dungeon 5370 turns ago.
 It was nighttime.
 You had 393 experience points, 247 more were needed to attain level 7.

Basics:
 You had 0 out of 66 hit points.
 You had all 11 energy points (spell power).
 Your armor class was 3.
 Your wallet contained 499 zorkmids.
 Autopickup was off.

Final Characteristics:
 Your strength was 15 (limit:18/100).
 Your dexterity was 16 (limit:20).
 Your constitution was 19 (limit:20).
 Your intelligence was 11 (limit:16).
 Your wisdom was 9 (limit:16).
 Your charisma was 8 (limit:16).

Final Status:
 You weren't hungry.
 You were unencumbered.
 You were wielding a saber.
 You were unskilled in saber.

Final Attributes:
 You were piously aligned.
 You were cold resistant.
 You were level-drain resistant.
 You had infravision.
 You were stealthy.
 You were guarded.
 You were a wererat.
 You were harmed by silver.
 You are dead.

Miscellaneous:
 You didn't encounter any bones levels.
 Total elapsed playing time was 5 hours, 32 minutes and 22 seconds.

Major events:
 Turn
    1: GranKiwi the lawful dwarven Valkyrie entered the dungeon
 1332: attained the rank of Skirmisher (level 3)
 1988: entered the Gnomish Mines
 2789: reached Mine Town
 4850: attained the rank of Fighter (level 6)
 5370: killed by a rabid rat

You didn't know any spells.

Skills:
 Fighting Skills
   bare handed combat [Unskilled]
   two weapon combat  [Unskilled]
   riding             [Unskilled]
 Weapon Skills
   dagger             [Skilled]
   axe                [Unskilled]
   pick-axe           [Unskilled]
   short sword        [Unskilled]
   broadsword         [Unskilled]
   long sword         [Unskilled]
   two-handed sword   [Unskilled]
   saber              [Unskilled]
   hammer             [Unskilled]
   quarterstaff       [Unskilled]
   polearms           [Unskilled]
   spear              [Basic]
   trident            [Unskilled]
   lance              [Unskilled]
   sling              [Unskilled]
 Spellcasting Skills
   attack spells      [Unskilled]
   escape spells      [Unskilled]

Voluntary challenges:
 Character rerolling was not enabled.
 You never genocided any monsters.
 You never polymorphed an object.
 You never changed form.
 You used no wishes.
Achievements:
 You entered a shop.
 You attained the rank of Skirmisher.
 You entered the Gnomish Mines.
 You entered Minetown.
 You entered a temple.
 You attained the rank of Fighter.

 The Dungeons of Doom: levels 1 to 7
    Level 1:
    Level 2:
       A general store, a fountain.
    Level 3:
       A potion shop, a fountain.
    Level 4:
       Stairs down to The Gnomish Mines.
    Level 5:
       A potion shop.
    Level 6: <- You were here.
       Final resting place for
          you, killed by a rabid rat.
    Level 7:
 The Gnomish Mines: levels 5 to 7
    Level 5:
    Level 6:
    Level 7:
       Many shops, a temple and an altar to Tyr, many fountains.


Vanquished creatures:
 an orc mummy
  a gnome mummy
  2 Mordor orcs
  a rock piercer
  a rock mole
  2 fog clouds
  a kobold mummy
  4 elf zombies
  2 giant ants
  2 little dogs
  3 hill orcs
  a rothe
  a giant bat
  a monkey
 an iguana
  2 coyotes
  a hobbit
  a manes
  a large kobold
  2 hobgoblins
  6 giant rats
  a cave spider
  a yellow mold
 13 garter snakes
  4 geckos
 13 jackals
  a fox
  4 goblins
  2 sewer rats
  2 grid bugs
  a bat
  4 lichens
  a kobold zombie
  5 newts
89 creatures vanquished.

No species were genocided or became extinct.

Game over:
                       ----------
                      /          \
                     /    REST    \
                    /      IN      \
                   /     PEACE      \
                  /                  \
                  |     GranKiwi     |
                  |      499 Au      |
                  |   killed by a    |
                  |    rabid rat     |
                  |                  |
                  |                  |
                  |       2026       |
                 *|     *  *  *      | *
        _________)/\\_//(\/(/\)/\//\/|_)_______

Farvel GranKiwi the Valkyrie...

You died in The Dungeons of Doom on dungeon level 6 with 2332 points,
and 499 pieces of gold, after 5370 moves.
You were level 6 with a maximum of 66 hit points when you died.

